AoeStats
← 76561198884563913

Nomad

503368056Analyzed
4v4 RM · 1mo ago on Aug 31, 2026· 38m 36s· 8 players
Game mode
Random Map
Map size
231×231
Population
200
Speed
Normal
Resources
Standard
Victory
Conquest
Starting age
Dark Age
Ending age
Imperial Age
RankedLock teamsTeams togetherTeam positionsShared explorationLock speedFull tech treeHidden civsTurbo modeCheats
Victory
Defeat
🇬🇧 Georgians · United Kingdom
1575
+5
🇹🇼 Khitans · Taiwan
1441
+9
🇨🇳 Britons · China
1381
+12
🇹🇼 Dravidians · Taiwan
1381
+12
🇨🇳 Malians · China
1450
-16
🇨🇳 Jurchens · China
1382
-13
🇨🇳 Spanish · China
1296
-10
🇨🇳 Persians · China
1006
-2
老头
4:20 Loom
13:14 Feudal Age
18:33 Castle Age
17:25 Double-Bit Axe
18:27 Horse Collar
20:27 Bow Saw
20:21 Heavy Plow
26:42 Wheelbarrow
26:25 Fletching
27:56 Ballistics
27:39 Padded Archer Armor
29:06 Gold Mining
29:06 Stone Mining
29:57 Bodkin Arrow
32:39 Leather Archer Armor
36:04 Imperial Age
34:09 Hand Cart
35:49 Gold Shaft Mining
36:01 Yeomen
38:01 Elite Longbowman
BBBBBBBB
4:20 Loom
14:41 Feudal Age
18:27 Castle Age
16:31 Fletching
16:43 Double-Bit Axe
16:41 Domestication
19:28 Bow Saw
19:36 Bodkin Arrow
24:00 Wheelbarrow
24:20 Pikeman
26:00 Squires
25:45 Arson
38:11 Imperial Age
36:13 Scale Mail Armor
36:23 Forging
36:14 Padded Archer Armor
36:17 Gambesons
37:18 Chain Mail Armor
36:51 Town Watch
37:29 Hand Cart
38:36 Capped Ram
邪惡貓貓頭ಥ_ಥ
5:12 Loom
13:41 Feudal Age
17:20 Castle Age
16:11 Fletching
17:29 Fishing Lines
18:35 Bodkin Arrow
20:33 Double-Bit Axe
21:53 Bow Saw
22:01 Medium Warships
23:31 Gold Mining
27:33 Wheelbarrow
29:21 Clinker Construction
30:32 Careening
31:48 Hand Cart
36:21 Imperial Age
33:58 Town Watch
34:19 Scale Barding Armor
34:24 Forging
35:05 Horse Collar
35:26 Stone Mining
35:34 Gillnets
36:22 Chain Barding Armor
36:51 Iron Casting
36:48 Bloodlines
36:39 Husbandry
37:43 Plate Barding Armor
37:37 Conscription
37:32 Heavy Plow
39:18 Stone Shaft Mining
38:22 Elite Monaspa
sawadcard
5:27 Loom
12:33 Feudal Age
13:23 Double-Bit Axe
14:10 Town Watch
15:26 Fletching
22:27 Castle Age
22:31 Crossbowman
23:49 Bodkin Arrow
29:50 Ballistics
37:55 Fishing Lines
76561198884563913
6:48 Loom
12:36 Feudal Age
13:56 Double-Bit Axe
17:31 Castle Age
16:59 Stone Mining
18:10 Forging
17:48 Horse Collar
19:54 Fletching
27:35 Heavy Plow
29:06 Tigui
29:27 Scale Mail Armor
32:25 Gold Mining
34:42 Scale Barding Armor
37:14 Wheelbarrow
Minneapolis
4:50 Loom
13:41 Feudal Age
14:20 Double-Bit Axe
15:52 Fletching
18:58 Fishing Lines
21:46 Castle Age
23:03 Medium Warships
23:03 Bodkin Arrow
23:27 Bow Saw
33:18 Wheelbarrow
37:55 Bloodlines
拷打
13:51 Feudal Age
14:08 Loom
19:32 Castle Age
25:57 Fletching
38:06 Wheelbarrow
zhuge2021
5:15 Loom
13:24 Feudal Age
14:02 Double-Bit Axe
21:08 Castle Age
19:23 Stone Mining
21:27 Gold Mining
22:49 Bow Saw
23:59 Horse Collar
28:10 Wheelbarrow
29:54 Heavy Plow
30:19 Forging
30:15 Scale Barding Armor
31:37 Kamandaran
32:22 Stone Shaft Mining
33:15 Fletching
33:26 Padded Archer Armor
34:14 Bloodlines
34:04 Husbandry
35:59 Crossbowman
36:46 Thumb Ring
40:28 Imperial Age
38:17 Hand Cart
Connection lost

Rejoining the realm…

Still unreachable

The connection could not be restored.

Session expired

The server has moved on; the page needs a fresh start.